Match 47374633
Unlisted

Match 47374633
End
Construct Weapon Support Center
Engineer Squad
Selects Special Operations Battlegroup
Selects M29 Weasel Recon Vehicle
M29 Weasel Recon Vehicle
M1919 Machine Gun Team
M1919 Machine Gun Team
Infantry Support Center
Sniper
Construct Medical Station
Selects Raiding Flares
Construct Motor Pool
M1 Anti-tank Gun Team
Selects SSF Commando Squad
SSF Commando Squad
.30 cal Machine Gun
Advanced Logistics
Selects Assault Operation
SSF Commando Squad
M1 Anti-tank Gun Team
Improved M9 Bazooka Rockets
SSF Commando Squad
Selects P-47 Anti-Infantry Loiter
Selects UNKNOWN (2162291)
NanoLoki
ILuvSilicon
Quincy
Funky Ayylien
BananaInPajamas
不可抱萌物
0
0

Comments sign in to comment!

No comments posted yet!